 Dungeon Crawl Stone Soup version 0.24-a0-499-g1074bba3cf (webtiles) character file.

Game seed: 15965949800359279217

164 Azzok the Magician (level 5, 0/28 HPs)
             Began as a Deep Elf Fire Elementalist on July 14, 2019.
             Killed by divine providence
             ... invoked by an orc priest
              (13 damage)
             ... on level 3 of the Dungeon.
             The game lasted 00:02:47 (3186 turns).

Azzok the Magician (Deep Elf Fire Elementalist)     Turns: 3186, Time: 00:02:47

Health: 0/28       AC:  2    Str:  5    XL:     5   Next: 21%
Magic:  12/13      EV: 14    Int: 21    God:
Gold:   177        SH:  0    Dex: 15    Spells: 5/13 levels left

rFire    . . .     SeeInvis .   (no weapon)
rCold    . . .     Gourm    .   (no shield)
rNeg     . . .     Faith    .   a - +0 robe
rPois    .         Spirit   .   (no helmet)
rElec    .         Reflect  .   (no cloak)
rCorr    .         Harm     .   (no gloves)
MR       .....                  (no boots)
Stlth    ++........             (no amulet)
HPRegen  0.09/turn              (no ring)
MPRegen  0.13/turn              (no ring)

@: no status effects
A: no striking features
a: no special abilities


You were on level 3 of the Dungeon.
You were not hungry.

You visited 1 branch of the dungeon, and saw 3 of its levels.

You collected 177 gold pieces.

Inventory:

Missiles
 i - 8 silver javelins (quivered)
Armour
 a - a +0 robe (worn)
Wands
 h - a wand of polymorph (5)
Scrolls
 b - 3 scrolls of enchant armour {unknown}
 d - a scroll of random uselessness {unknown}
 e - 5 scrolls of identify {unknown}
 f - a scroll of immolation {unknown}
 g - a scroll of teleportation {unknown}
Potions
 c - a potion of haste {unknown}
 j - 2 potions of curing {unknown}
 k - a potion of agility {unknown}
Comestibles
 l - 3 chunks of flesh


   Skills:
 + Level 3.5 Dodging
 - Level 2.4 Stealth
 + Level 4.6 Spellcasting
 + Level 3.0 Conjurations
 + Level 4.4 Fire Magic


You had 5 spell levels left.
You knew the following spells:

 Your Spells              Type           Power        Failure   Level  Hunger
a - Flame Tongue          Conj/Fire      ###..        2%          1    None
b - Conjure Flame         Conj/Fire      ###.....     8%          3    ##.....
c - Sticky Flame          Conj/Fire      ###.....     24%         4    ####...

Your spell library contained the following spells:

 Spells                   Type           Power        Failure   Level  Hunger
 Throw Flame              Conj/Fire      ###...       3%          2    #......
 Inner Flame              Hex/Fire       ##......     14%         3    ##.....
 Fireball                 Conj/Fire      ###.......   56%         5    ######.


Dungeon Overview and Level Annotations

Branches:
Dungeon (3/15)

Altars:
Gozag


Message History

There are monsters nearby!
There is a stone staircase leading up here.
Casting: Flame Tongue (safe; 2% risk of failure)
Confirm with . or Enter, or press ? or * to list all spells.
Aiming: Flame Tongue (safe; 2% risk of failure)
Press: ? - help, Shift-Dir - straight line, f - adder
Aim: an adder (hasn't noticed you)
The flame tongue hits the adder!
You kill the adder!
Your Conjurations skill increases to level 3!
The orc shouts!
You hear a shout! x4
An orc priest comes into view.
The orc priest calls down the wrath of Beogh upon you.
Beogh smites you!
Ouch! That really hurt!
You hear an angry hiss.
The orc priest shouts!
The orc priest calls down the wrath of Beogh upon you.
Beogh smites you!
You die...

▒▒▒··▒▒ ▒·▒
▒·····▒▒ ▒·▒
▒······▒▒▒▒▒▒▒
▒·▒
▒············▒ ·▒
··▒▒▒···▒▒▒▒·▒ ·▒
>▒ ▒▒▒··÷···▒▒ ·▒
▒ ▒▒▒▒▒▒÷·▒▒▒·▒ ▒
▒····▒·▒▒▒▒▒▒ ··
▒▒▒▒▒·)·@·······
·o·
···············(o
···
▒▒▒▒▒▒▒▒▒▒···▒▒▒▒
··$··▒ ···o··▒
o··)··· ·······
o······ o······


You could see 3 orc priests and an orc.

Vanquished Creatures
  A hound (D:3)
  8 adders
  A dart slug (D:1)
  2 leopard geckos (D:3)
  3 orcs (D:3)
  2 giant cockroaches
  8 goblins
  8 hobgoblins
  7 jackals
  2 ball pythons
  3 bats
  4 frilled lizards
  6 kobolds
  A rat (D:2)
56 creatures vanquished.

Notes
Turn   | Place    | Note
-------+----------+-------------------------------------------
     0 | D:1      | Azzok the Deep Elf Fire Elementalist began the quest for
                  | the Orb.
     0 | D:1      | Reached XP level 1. HP: 10/10 MP: 6/6
   115 | D:1      | Reached XP level 2. HP: 3/15 MP: 0/8
  1029 | D:2      | Reached XP level 3. HP: 16/19 MP: 5/10
  1034 | D:2      | Learned a level 3 spell: Conjure Flame
  1325 | D:2      | Found a faded altar of an unknown god.
  1718 | D:2      | Reached XP level 4. HP: 24/24 MP: 7/12
  1724 | D:2      | Learned a level 4 spell: Sticky Flame
  2618 | D:3      | Found an opulent altar of Gozag.
  2831 | D:3      | Reached XP level 5. HP: 26/28 MP: 10/13
  3186 | D:3      | Killed from afar by an orc priest

Levels and vault maps discovered:
D:1:      zaba_arrival_water, layout_basic
D:2:      layout_loops_corners, chequers_ecumenical_altar_simple,
          minmay_split_cup_small
D:3:      layout_rooms, nicolae_gozag_cash_rules_everything_around_me

Skill      XL: |  1  2  3  4  5 |
---------------+----------------+-----
Conjurations   | 2 3 |  3.0
Spellcasting   | 4 |  4.6
Fire Magic     | 4 |  4.4
Dodging        | 3 |  3.5
Stealth        | |  2.4

Action                   |  1- 3 |  4- 6 || total
-------------------------+-------+-------++-------
 Cast: Flame Tongue      |    50 |    54 ||   104
  Eat: Chunk             |     2 |     2 ||     4
       Ration            |       |     1 ||     1
Armor: Robe              |     6 |     2 ||     8
Dodge: Dodged            |    20 |     9 ||    29

Table legend:
 A = Non-vault XP
 B = Vault XP
 C = Vault XP percentage of total XP
 D = Non-vault monster count
 E = Vault monster count
 F = Vault count percentage of total count
                 A         B        C        D         E       F
            +---------+---------+-------+---------+---------+-------
      Total |     231 |       4 |   1.7 |      53 |       3 |   5.4
            +---------+---------+-------+---------+---------+-------
        D:1 |      22 |       0 |   0.0 |      11 |       0 |   0.0
        D:2 |     100 |       4 |   3.8 |      24 |       3 |  11.1
        D:3 |     109 |       0 |   0.0 |      18 |       0 |   0.0
            +---------+---------+-------+---------+---------+-------
